 Dungeon Crawl Stone Soup version 0.31-a0-1074-g0b22e4e0f1 (webtiles) character file.

Game seed: 3084134724985356052

3 kae the Vexing (level 1, -4/13 HPs)
             Began as a Demonspawn Enchanter on Nov 26, 2023.
             Succumbed to a scorpion's poison
             ... on level 2 of the Dungeon.
             The game lasted 00:00:09 (83 turns).

kae the Vexing (Demonspawn Enchanter)                 Turns: 83, Time: 00:00:09

Health: -4/13      AC:  2    Str:  8    XL:     1   Next: 41%
Magic:  3/3        EV: 12    Int: 16    God:
Gold:   14         SH:  0    Dex: 13    Spells: 4/4 levels left

rFire   . . .        a - +1 dagger
rCold   . . .        (no shield)
rNeg    . . .        b - +0 robe
rPois   .            (no helmet)
rElec   .            (no cloak)
rCorr   .            (no gloves)
SInv    .            (no boots)
Will    .....        (no amulet)
Stlth   ++           (no ring)
HPRegen 0.22/turn    (no ring)
MPRegen 0.08/turn

%: no passive effects
@: lethally poisoned (-4 -> -24), invisible
A: no striking features
a: no special abilities


You were on level 2 of the Dungeon.
You visited 1 branch of the dungeon, and saw 2 of its levels.

You collected 14 gold pieces.


   Skills:
 + Level 0.1 Fighting
 * Level 1.0 Short Blades
 + Level 1.8 Dodging
 * Level 2.7 Stealth
 + Level 2.0 Spellcasting
 + Level 3.0 Hexes


You had 4 spell levels left.
You didn't know any spells.
Your spell library contained the following spells:

 Spells                   Type           Power      Damage    Failure   Level
 Ensorcelled Hibernation  Hex/Ice        12%        N/A       17%         2
 Confusing Touch          Hex            11%        N/A       19%         3
 Tukima's Dance           Hex            11%        N/A       19%         3
 Dazzling Flash           Conj/Hex       12%        N/A       32%         3

Inventory:

Hand Weapons
 a - a +1 dagger (weapon)
Missiles
 d - 3 boomerangs
Armour
 b - a +0 robe (worn)
Potions
 c - a potion of invisibility

Dungeon Overview and Level Annotations

Branches:
Dungeon (1/15) Zot: 11917

Altars:

#####.##.#..#....#####
#........#.....#......#
#.....####.###.######.#
#..........#...#
#..#########.##### #..
#.....# #.
.#.#####.##### #
...........r.#
##.##...@###.#
#.#..s.....#
#.##...###.# . <##...
## # .#.. .#.... # ...
##


You could see a scorpion (unable to see you) and a rat (asleep).


Message History

Lua error: /dgldir/rcfiles/crawl-git/kae.rc:525: unexpected symbol near '#' 🤖 Initializing magus.rc ...
Bad monster_list_colour key: strict_neutral Bad channel name 'pray' for runrest: 'pray:' Options error: Missing colour in message_colour setting: 'that.*feels deathly cold' Options error: Missing colour in message_colour setting: 'and you must be Full or above to equip it' Options error: Missing colour in message_colour setting: 'but rights himself reflexively soon after' Options error: Missing colour in message_colour setting: 'before it is too late' ✅ Successfully initialized magus.rc [v1.11.3] Welcome, kae the Demonspawn Enchanter.
Everyone else who sought the Orb of Zot has failed.
Will you be different?
Press ? for a list of commands and other information.
Found 3 boomerangs.
Found a staircase leading out of the dungeon.
d - 3 boomerangs A bat comes into view.
The bat hits you but does no damage.
You hit the bat. The bat barely misses you.
A bat is nearby!
A bat is nearby!
The bat barely misses you. The bat barely misses you.
A bat is nearby!
You miss the bat. The bat closely misses you.
You hit the bat.
You kill the bat!
You now have 5 gold pieces.
A malevolent force fills the Dungeon...
You fall into a shaft and drop 1 floor!
The shaft crumbles and collapses.
You now have 14 gold pieces (gained 9).
Found a stone staircase leading down.
No target in view!
No target in view!
There is a stone staircase leading down here.
An endoplasm comes into view.
An endoplasm is nearby!
An endoplasm is nearby!
An endoplasm is nearby!
An endoplasm is nearby!
The helpless endoplasm fails to defend itself.
You puncture the endoplasm!
You kill the endoplasm!
No target in view!
A scorpion comes into view.
A quokka, a rat and an endoplasm come into view.
Found a stone staircase leading up.
There are monsters nearby!
The helpless endoplasm fails to defend itself.
You puncture the endoplasm!
You kill the endoplasm!
Your Short Blades skill increases to level 1!
The scorpion closely misses you.
There are monsters nearby!
Unknown command.
You aren't carrying any scrolls.
Unknown command.
You fade into invisibility!
The scorpion completely misses you. The scorpion stings you.
You are lethally poisoned!
The scorpion poisons you! 😕 HP[-3]
You take 3 damage, and now have 10/13 hp.
MASSIVE DAMAGE!! (PAUSE)
You barely miss the scorpion.
You feel very sick. The scorpion stings you.
* * * LOW HITPOINT WARNING * * *
You are more poisoned.
The scorpion poisons you! 😨 HP[-5]
You take 5 damage, and now have 5/13 hp.
MASSIVE DAMAGE!! (PAUSE) Unknown command.
Unknown command.
You hit the scorpion but do no damage.
* * * LOW HITPOINT WARNING * * *
You feel very sick. The scorpion misses you. 😱 HP[-4]
You take 4 damage, and now have 1/13 hp.
MASSIVE DAMAGE!! (PAUSE)
You hit the scorpion but do no damage.
You die...

Skill      XL: |  1 |
---------------+----+-----
Short Blades   | 1 |  1.0
Fighting       | |  0.1
Dodging        | |  1.8
Stealth        | |  2.7
Spellcasting   | |  2.0
Hexes          | |  3.0

Action                     || total
---------------------------++-------
  Melee: Dagger            ||     8
    Use: Potion            ||     1
   Stab: Sleeping          ||     2
 Armour: Robe              ||     3
  Dodge: Dodged            ||     7

Levels and vault maps discovered:
D:1:      giann_bridges, layout_basic, minmay_tiny_reverse_x
D:2:      layout_basic, serial_corexii_hall, chequers_hall_statues_y,
          chequers_hall_statues_wall_a, chequers_hall_statues_corner_a,
          chequers_hall_statues_y

Notes
Turn   | Place    | Note
-------+----------+-------------------------------------------
     0 | D:1      | kae the Demonspawn Enchanter began the quest for the Orb.
     0 | D:1      | Reached XP level 1. HP: 13/13 MP: 3/3
     0 | D:1      | magus.rc [v1.11.3]
    39 | D:1      | You fall into a shaft and drop 1 floor!
    75 | D:2      | Noticed a scorpion
    79 | D:2      | Reached skill level 1 in Short Blades
    82 | D:2      | HP: 1/13 [poisoned by a scorpion]
    83 | D:2      | Succumbed to a scorpion's poison

Vanquished Creatures
  2 endoplasms (D:2)
  A bat (D:1)
3 creatures vanquished.

Table legend:
 A = Non-vault XP
 B = Vault XP
 C = Vault XP percentage of total XP
 D = Non-vault monster count
 E = Vault monster count
 F = Vault count percentage of total count
                 A         B        C        D         E       F
            +---------+---------+-------+---------+---------+-------
      Total |       5 |       0 |   0.0 |       3 |       0 |   0.0
            +---------+---------+-------+---------+---------+-------
        D:1 |       1 |       0 |   0.0 |       1 |       0 |   0.0
        D:2 |       4 |       0 |   0.0 |       2 |       0 |   0.0
            +---------+---------+-------+---------+---------+-------

Skill      XL: |  1 |
---------------+----+-----
Short Blades   | 1 |  1.0
Fighting       | |  0.1
Dodging        | |  1.8
Stealth        | |  2.7
Spellcasting   | |  2.0
Hexes          | |  3.0

Action                     || total
---------------------------++-------
  Melee: Dagger            ||     8
    Use: Potion            ||     1
   Stab: Sleeping          ||     2
 Armour: Robe              ||     3
  Dodge: Dodged            ||     7

Illustrated notes

Table legend:
 A = Kills in this place as a percentage of kills in the entire game.
 B = Kills by you in this place as a percentage of kills by you in the entire game.
 C = Kills by friends in this place as a percentage of kills by friends in the entire game.
 D = Other kills in this place as a percentage of other kills in the entire game.
 E = Experience gained in this place as a percentage of experience gained in the entire game.
 F = Experience gained in this place divided by the number of levels of this place that you have seen.
                   A       B       C       D       E      F
               +-------+-------+-------+-------+-------+----------------------
         Total | 100.0 | 100.0 |   N/A |   N/A | 100.0 |   2.5
       Dungeon | 100.0 | 100.0 |   N/A |   N/A | 100.0 |   2.5
               +-------+-------+-------+-------+-------+----------------------

Table legend: (Time is in decaauts)
 A = Elapsed time spent in this place.
 B = Non-inter-level travel time spent in this place.
 C = Inter-level travel time spent in this place.
 D = Time resting spent in this place.
 E = Time spent auto-exploring this place.
 F = Levels seen in this place.
 G = Mean time per level.
                   A        B        C        D        E       F      G
               +--------+--------+--------+--------+--------+-----+--------+
         Total |     82 |     82 |      0 |      0 |     58 |   2 |   41.0 |
       Dungeon |     82 |     82 |      0 |      0 |     58 |   2 |   41.0 |
               +--------+--------+--------+--------+--------+-----+--------+

Top non-repeatable levels by time:
     D:2: 43 daAuts
     D:1: 38 daAuts
